[Event "Titled Tuesday Blitz May 24 Early 2022"]
[White "Sanchez, Robert"]
[Black "Ajay Krishna, S"]
[WhiteFideId "2034360"]
[BlackFideId "5096430"]
[WhiteElo "2264"]
[BlackElo "2247"]
[Result "1-0"]
[Round "07"]
[TimeControl "180+1"]
[Date "2022.05.25"]
[WhiteClock "0:00:47"]
[BlackClock "0:00:07"]

1. e4 e5 2. Nf3 Nc6 3. Bb5 a6 4. Ba4 Nf6 5. d3 b5 6. Bb3 Bc5 7. Nc3 O-O 8. h3 h6 9. g4 Nd4 10. g5 hxg5 11. Bxg5 Nxb3 12. axb3 Re8 13. Rg1 c6 14. Nh4 d6 15. Qf3 Kf8 16. Ne2 d5 17. Ng3 dxe4 18. Nxe4 Be7 19. Bxf6 Bxf6 20. Nf5 Ra7 21. O-O-O g6 22. Nfd6 Bg7 23. Nxe8 Kxe8 24. Kb1 Qh4 25. Nd6+ Kd7 26. Nxc8 Kxc8 27. Qxc6+ Rc7 28. Qxa6+ Kd8 29. Qxb5 Qxh3 30. Qd5+ Ke7 31. Rge1 Rd7 32. Qc5+ Kd8 33. Qb6+ Kc8 34. d4 1-0


[Site "https://www.chess.com"]

[Event "Titled Tuesday Blitz May 24 Early 2022"]
[White "Sankalan Shah"]
[Black "Vittorino, Carlo Giovanni"]
[WhiteFideId "25600362"]
[BlackFideId "4401247"]
[WhiteElo "1648"]
[BlackElo "2233"]
[Result "0-1"]
[Round "07"]
[TimeControl "180+1"]
[Date "2022.05.25"]
[WhiteClock "0:00:29"]
[BlackClock "0:01:32"]

1. Nf3 c5 2. b3 d5 3. Bb2 f6 4. c4 d4 5. e3 e5 6. exd4 cxd4 7. d3 Nc6 8. g3 Bb4+ 9. Nbd2 a5 10. a3 Be7 11. Bg2 Nh6 12. O-O O-O 13. Ne1 Be6 14. Nc2 Qd7 15. Rb1 Rab8 16. b4 axb4 17. axb4 b5 18. c5 Nf7 19. Ra1 Bd5 20. Ra6 Ra8 21. Qa1 Rxa6 22. Qxa6 Bxg2 23. Kxg2 Qd5+ 24. Kg1 Rb8 25. Ra1 f5 26. Qa2 Qxa2 27. Rxa2 Ng5 28. Kg2 Ne6 29. Nb3 e4 30. Ncxd4 Nexd4 31. Nxd4 Nxb4 32. Ra7 Bxc5 33. Ne6 Bxa7 0-1


[Site "https://www.chess.com"]

[Event "Titled Tuesday Blitz May 24 Early 2022"]
[White "Sarkar, Justin"]
[Black "Sargsyan, Anna M."]
[WhiteFideId "2010011"]
[BlackFideId "13308130"]
[WhiteElo "2020"]
[BlackElo "2271"]
[Result "0-1"]
[Round "07"]
[TimeControl "180+1"]
[Date "2022.05.25"]
[WhiteClock "0:00:02"]
[BlackClock "0:01:43"]

1. d4 d5 2. c4 c5 3. cxd5 Qxd5 4. Nf3 cxd4 5. Nc3 Qa5 6. Nxd4 Nf6 7. g3 e5 8. Nb5 Nc6 9. Bg2 Be6 10. Nd6+ Bxd6 11. Qxd6 Nd4 12. Bxb7 Rd8 13. Bc6+ Bd7 14. Bxd7+ Rxd7 15. Qb8+ Rd8 16. Qb7 Nc2+ 17. Kf1 Nxa1 18. Kg2 O-O 19. Bg5 Nc2 20. Bxf6 gxf6 21. Ne4 Qb6 22. Qxb6 axb6 23. Nxf6+ Kg7 0-1


[Site "https://www.chess.com"]

[Event "Titled Tuesday Blitz May 24 Early 2022"]
[White "Schut, Han"]
[Black "Iljin, Timofey"]
[WhiteFideId "1005561"]
[BlackFideId "14110180"]
[WhiteElo "2057"]
[BlackElo "2404"]
[Result "1-0"]
[Round "07"]
[TimeControl "180+1"]
[Date "2022.05.25"]
[WhiteClock "0:00:18"]
[BlackClock "0:00:23"]

1. e4 d5 2. exd5 Nf6 3. Bb5+ Nbd7 4. d4 a6 5. Be2 b5 6. a4 Bb7 7. axb5 axb5 8. Rxa8 Qxa8 9. Bxb5 Bxd5 10. Nf3 e6 11. Be2 Bd6 12. c4 Be4 13. Nc3 Bg6 14. c5 Be7 15. Nb5 O-O 16. O-O Nd5 17. Bd2 c6 18. Nc3 Qb7 19. Nxd5 cxd5 20. b4 Be4 21. b5 Bxf3 22. gxf3 Nf6 23. b6 e5 24. Qa4 exd4 25. Ba6 Qb8 26. Qc6 Rd8 27. Qc7 Nd7 28. Bf4 Kf8 29. Bb5 Qxc7 30. bxc7 Nxc5 31. cxd8=Q+ Bxd8 32. Bd6+ Be7 33. Bxe7+ Kxe7 34. Rd1 Ne6 35. Bd3 Nf4 36. Kf1 g6 37. Be2 Ne6 38. Ke1 Kd6 39. Ra1 Ke5 40. Kd2 h5 41. Ra7 f5 42. Re7 Kf6 43. Rxe6+ Kxe6 44. Kd3 Ke5 45. Bd1 h4 46. h3 g5 47. Be2 Kf4 48. Kxd4 g4 49. fxg4 fxg4 50. Bxg4 Kg5 51. Ke3 Kf6 52. f4 d4+ 53. Kxd4 Kg6 54. Ke5 Kh6 55. f5 Kh7 56. Kf4 Kh6 57. Bf3 Kg7 58. Kg4 Kh7 59. Kxh4 Kh6 60. Kg4 Kg7 61. h4 Kf6 62. h5 Kg7 63. Kg5 Kf7 64. Bd5+ Kg7 65. f6+ Kh8 66. Kf5 Kh7 67. Ke6 Kh6 68. Ke7 Kxh5 69. f7 Kg5 70. f8=Q Kg4 71. Be6+ Kg3 72. Kf6 Kg2 73. Ke5 Kg3 74. Qf4+ Kg2 75. Qe3 Kh2 76. Qg5 Kh1 77. Ke4 Kh2 78. Ke3 1-0


[Site "https://www.chess.com"]

[Event "Titled Tuesday Blitz May 24 Early 2022"]
[White "Shevtchenko, Olesya"]
[Black "Avazkhonov, Alikhon"]
[WhiteFideId "24131890"]
[BlackFideId "14208504"]
[WhiteElo "2003"]
[BlackElo "1739"]
[Result "0-1"]
[Round "07"]
[TimeControl "180+1"]
[Date "2022.05.25"]
[WhiteClock "0:00:47"]
[BlackClock "0:01:54"]

1. c4 e5 2. Nc3 d6 3. Nf3 f5 4. g3 Nf6 5. d4 e4 6. Nh4 Be7 7. Bh3 g6 8. f3 O-O 9. O-O c6 10. d5 c5 11. Bh6 Re8 12. Bg5 Nbd7 13. fxe4 Nxe4 14. Bxe7 Qxe7 15. Bxf5 Nxc3 16. bxc3 gxf5 17. Nxf5 Qe5 18. e4 Nf6 19. Qf3 Bxf5 20. exf5 Qe3+ 0-1


[Site "https://www.chess.com"]

[Event "Titled Tuesday Blitz May 24 Early 2022"]
[White "Shuvalova, Polina"]
[Black "Zorbos"]
[WhiteFideId "24171760"]
[WhiteElo "2355"]
[BlackElo "2491"]
[Result "1-0"]
[Round "07"]
[TimeControl "180+1"]
[Date "2022.05.25"]
[WhiteClock "0:00:46"]
[BlackClock "0:00:03"]

1. e4 g6 2. d4 Bg7 3. Nc3 d6 4. Be2 Nc6 5. Be3 e5 6. Nf3 Nge7 7. Qd2 O-O 8. O-O-O exd4 9. Nxd4 Nxd4 10. Bxd4 Nc6 11. Bxg7 Kxg7 12. Kb1 Be6 13. h4 a6 14. h5 Qd7 15. Nd5 Bxd5 16. exd5 Ne5 17. f4 Ng4 18. Qc3+ Kg8 19. Bxg4 Qxg4 20. h6 f6 21. Qxc7 Rf7 22. Qxd6 Qxg2 23. Qe6 Rd8 24. d6 Qc6 25. Rhe1 Qd7 26. c4 b6 27. Qxd7 Rfxd7 28. Re6 Kf7 29. Rde1 f5 30. Re7+ Kf8 31. b3 Kg8 32. Kc2 Rxd6 33. Rg7+ Kf8 34. Rxh7 Rd2+ 35. Kc3 1-0


[Site "https://www.chess.com"]

[Event "Titled Tuesday Blitz May 24 Early 2022"]
[White "Silvestre, Christian"]
[Black "Kholin, Aleksandr"]
[WhiteFideId "30956269"]
[BlackFideId "14179385"]
[WhiteElo "2289"]
[BlackElo "2473"]
[Result "0-1"]
[Round "07"]
[TimeControl "180+1"]
[Date "2022.05.25"]
[WhiteClock "0:00:10"]
[BlackClock "0:00:22"]

1. d4 d5 2. Nf3 e6 3. g3 Be7 4. Bg2 Nf6 5. O-O O-O 6. c4 dxc4 7. Ne5 Nc6 8. Bxc6 bxc6 9. Nxc6 Qe8 10. Nxe7+ Qxe7 11. b3 cxb3 12. Ba3 b2 13. Bxb2 Rd8 14. Qc2 Bb7 15. Rc1 Rac8 16. Nd2 Ng4 17. h3 Nf6 18. Nb3 Ne4 19. Nc5 Nxc5 20. Qxc5 Qf6 21. Qxa7 Bd5 22. Rxc7 Ra8 23. Qc5 Qf5 24. g4 Qe4 25. f3 Qxe2 26. Qe7 Qxf3 27. Rc2 Qh1+ 28. Kf2 Qg2+ 29. Ke3 Qxc2 0-1


[Site "https://www.chess.com"]

[Event "Titled Tuesday Blitz May 24 Early 2022"]
[White "Skliarov, Viktor"]
[Black "Hirneise, Jens"]
[WhiteFideId "14106736"]
[BlackFideId "24614734"]
[WhiteElo "2229"]
[BlackElo "2359"]
[Result "1-0"]
[Round "07"]
[TimeControl "180+1"]
[Date "2022.05.25"]
[WhiteClock "0:00:03"]
[BlackClock "0:00:01"]

1. e4 c5 2. Nf3 Nc6 3. Bb5 e6 4. Bxc6 bxc6 5. d3 Ne7 6. Qe2 d5 7. O-O Ng6 8. e5 Be7 9. Nc3 O-O 10. Na4 c4 11. dxc4 Ba6 12. b3 dxc4 13. Rd1 cxb3 14. Qe1 Qb8 15. axb3 Rd8 16. Bb2 Bb5 17. Qe4 Bxa4 18. Qxa4 Rxd1+ 19. Rxd1 Qb7 20. h4 Bc5 21. Qc4 Bb6 22. Ba3 Ne7 23. Bxe7 Qxe7 24. Qxc6 Qf8 25. Rd7 Rc8 26. Qe4 h6 27. c4 Qa3 28. Rd3 a5 29. g3 Qc5 30. Rd2 Qb4 31. Rc2 a4 32. bxa4 Qxa4 33. Kg2 Bc5 34. h5 Rd8 35. Rb2 Qa1 36. Rb1 Qa2 37. Rb7 Qxf2+ 38. Kh3 Qf1+ 39. Kg4 Qd3 40. Qxd3 Rxd3 41. Rb8+ Kh7 42. Rc8 Bb4 43. c5 Rc3 44. c6 Rc4+ 45. Kh3 Ba5 46. g4 g6 47. Kg2 gxh5 48. gxh5 Kg7 49. Kf2 f6 50. Ke2 Rc5 51. exf6+ Kxf6 52. Kd3 Rxh5 53. Nd4 Rh3+ 54. Kc4 Rh5 55. Nb5 Bb6 56. c7 Rc5+ 57. Kb4 Bxc7 58. Kxc5 Bf4 59. Nd6 h5 60. Rf8+ Kg5 61. Ne4+ Kg4 62. Nf6+ Kh4 63. Kc4 Bg5 64. Ne4 Be3 65. Rf7 1-0


[Site "https://www.chess.com"]

[Event "Titled Tuesday Blitz May 24 Early 2022"]
[White "Skuhala, Barbara"]
[Black "Shuvalov, Evgenij"]
[WhiteFideId "14605465"]
[BlackFideId "4187237"]
[WhiteElo "2155"]
[BlackElo "2053"]
[Result "1/2-1/2"]
[Round "07"]
[TimeControl "180+1"]
[Date "2022.05.25"]
[WhiteClock "0:00:48"]
[BlackClock "0:01:11"]

1. e4 e6 2. d4 d5 3. Bd3 c5 4. exd5 exd5 5. dxc5 Bxc5 6. Nf3 Nf6 7. O-O O-O 8. c4 dxc4 9. Bxc4 Qxd1 10. Rxd1 Bg4 11. Nc3 Nc6 12. Be3 Bxe3 13. fxe3 Rfe8 14. Kf2 Be6 15. Bxe6 Rxe6 16. Nd5 Nxd5 17. Rxd5 Rae8 18. Re1 f6 19. a3 R6e7 20. h3 Kf7 21. Re2 Rd8 22. Rxd8 Nxd8 23. Nd4 g6 24. Rc2 Ne6 25. Nxe6 Kxe6 26. Rc8 a6 27. Kf3 f5 28. Kf4 Kd5 29. Rb8 Kc4 30. Rd8 Kb3 31. Rd2 Rc7 32. g4 fxg4 33. hxg4 h5 34. gxh5 gxh5 35. e4 h4 36. e5 h3 37. Kf5 Rc2 38. Rd7 h2 39. Rh7 Rf2+ 40. Ke6 b5 41. Kd5 Kxb2 42. e6 Kxa3 43. e7 Re2 44. Kd6 b4 45. Rxh2 Rxe7 46. Kxe7 b3 47. Kd6 a5 48. Kc5 a4 49. Rh3 Ka2 50. Kb4 b2 51. Ra3+ Kb1 52. Kxa4 Kc2 53. Rb3 b1=Q 54. Rxb1 Kxb1 1/2-1/2


[Site "https://www.chess.com"]

[Event "Titled Tuesday Blitz May 24 Early 2022"]
[White "Skytte, Rasmus"]
[Black "Galiana Fernandez, Adrian"]
[WhiteFideId "1404210"]
[BlackFideId "32010150"]
[WhiteElo "2430"]
[BlackElo "2133"]
[Result "0-1"]
[Round "07"]
[TimeControl "180+1"]
[Date "2022.05.25"]
[WhiteClock "0:00:35"]
[BlackClock "0:00:47"]

1. Nf3 d5 2. b3 Bg4 3. e3 e5 4. Be2 Nc6 5. O-O e4 6. Ne1 Bxe2 7. Qxe2 Qd7 8. Bb2 O-O-O 9. f3 f5 10. fxe4 fxe4 11. Nc3 Nf6 12. Qb5 Bd6 13. Kh1 a6 14. Qe2 Rdf8 15. g3 Qh3 16. Qg2 Qh5 17. Qe2 Ng4 18. Rxf8+ Rxf8 19. Kg1 Rf2 20. Qxf2 Nxf2 21. Kxf2 Qxh2+ 22. Ng2 Bxg3+ 23. Kf1 Qh1+ 24. Ke2 Qxg2+ 25. Kd1 Qf1# 0-1


[Site "https://www.chess.com"]

[Event "Titled Tuesday Blitz May 24 Early 2022"]
[White "Sovetbekova, Nurai"]
[Black "Wadsworth, Matthew J"]
[WhiteFideId "13801910"]
[BlackFideId "415804"]
[WhiteElo "1660"]
[BlackElo "2294"]
[Result "0-1"]
[Round "07"]
[TimeControl "180+1"]
[Date "2022.05.25"]
[WhiteClock "0:00:01"]
[BlackClock "0:00:17"]

1. d4 Nf6 2. c4 c5 3. d5 e6 4. Nc3 exd5 5. cxd5 d6 6. Nf3 g6 7. g3 Bg7 8. Bg2 O-O 9. O-O a6 10. a4 Nbd7 11. Bf4 Qe7 12. Qc2 Nh5 13. Bg5 Bf6 14. Bxf6 Qxf6 15. Ne4 Qe7 16. Nfd2 f5 17. Nc3 f4 18. Nf3 Ne5 19. Nxe5 Qxe5 20. Qe4 Re8 21. Rfe1 Bf5 22. Qxe5 Rxe5 23. Rad1 Rae8 24. gxf4 Nxf4 25. e3 Bc2 26. Rd2 Nxg2 27. Kxg2 Rg5+ 28. Kf3 Bf5 29. h4 Rg4 30. e4 Rxh4 31. Re3 Rh3+ 32. Ke2 Rxe3+ 33. Kxe3 Bd7 34. a5 g5 35. Rd1 Kg7 36. Rg1 Kf6 37. Ne2 h5 38. Rh1 h4 39. f4 Bf5 40. fxg5+ Kxg5 41. Rg1+ Kf6 42. Rf1 Rxe4+ 43. Kd2 Rb4 44. Kc3 Ke5 45. Nc1 Rg4 46. Ne2 h3 47. Ng1 h2 48. Nf3+ Kxd5 49. Nxh2 Rg3+ 50. Rf3 Rxf3+ 51. Nxf3 Kc6 52. Nd2 d5 53. Nf3 d4+ 54. Kc4 Be6+ 55. Kd3 Kb5 56. Ne5 Bf5+ 57. Kd2 Kxa5 58. Nc4+ Kb4 59. Nd6 Bg6 60. Nxb7 c4 61. Nd6 a5 62. Nb7 a4 63. Nd6 c3+ 64. bxc3+ dxc3+ 65. Kc1 a3 66. Nb7 a2 67. Nc5 a1=Q# 0-1


[Site "https://www.chess.com"]

[Event "Titled Tuesday Blitz May 24 Early 2022"]
[White "Stepanencu, Nicodim-Cosmin"]
[Black "Olafsson, Helgi"]
[WhiteFideId "1256220"]
[BlackFideId "2300010"]
[WhiteElo "1945"]
[BlackElo "2463"]
[Result "0-1"]
[Round "07"]
[TimeControl "180+1"]
[Date "2022.05.25"]
[WhiteClock "0:00:03"]
[BlackClock "0:00:29"]

1. b3 d5 2. Bb2 c6 3. d3 Nf6 4. Nd2 Bf5 5. g3 e6 6. Bg2 Bg6 7. Ngf3 Bd6 8. h3 Qe7 9. O-O Ba3 10. Bd4 Nbd7 11. c4 e5 12. Be3 d4 13. Bg5 h6 14. Bh4 Bh7 15. g4 c5 16. Ne1 g5 17. Bg3 e4 18. Nc2 Bb2 19. Rb1 Bc3 20. b4 O-O 21. Nxe4 Nxe4 22. dxe4 Bxe4 23. Bxe4 Qxe4 24. bxc5 Nxc5 25. Bd6 Rfc8 26. f4 Ne6 27. f5 Nc5 28. Rf3 b6 29. Nb4 Bxb4 30. Rxb4 Re8 31. Rb2 Rad8 32. Bg3 d3 33. exd3 Nxd3 34. Rd2 Nb2 35. Qc1 Rxd2 36. Qxd2 Qxf3 0-1


[Site "https://www.chess.com"]

[Event "Titled Tuesday Blitz May 24 Early 2022"]
[White "Taboas Rodriguez, Daniel"]
[Black "Kuderinov, Kirill"]
[WhiteFideId "2208466"]
[BlackFideId "13701568"]
[WhiteElo "2429"]
[BlackElo "2432"]
[Result "0-1"]
[Round "07"]
[TimeControl "180+1"]
[Date "2022.05.25"]
[WhiteClock "0:00:06"]
[BlackClock "0:00:05"]

1. d4 Nf6 2. Nf3 d5 3. c4 e6 4. Bg5 c5 5. cxd5 exd5 6. Nc3 cxd4 7. Nxd4 Nc6 8. e3 Bc5 9. Bb5 Bd7 10. O-O Bxd4 11. exd4 O-O 12. Nxd5 Be6 13. Nxf6+ gxf6 14. Bh6 Re8 15. Bxc6 bxc6 16. Qd2 Qd5 17. Qe3 Bf5 18. Qg3+ Bg6 19. Rad1 Re2 20. Qf4 Qh5 21. Rd2 Re4 22. Qxf6 Qxh6 23. Qxc6 Rae8 24. d5 Qxd2 25. d6 Qd1 26. Qxe8+ Rxe8 27. Rxd1 f6 28. f4 Kf7 29. g4 Bc2 30. Rd2 Ba4 31. f5 Bd7 32. Kf2 h5 33. h3 hxg4 34. hxg4 Rc8 35. Ke3 Rc4 36. Rd4 Rc2 37. Rb4 a5 38. Rb7 Ke8 39. Kf4 Rd2 40. Rb8+ Kf7 41. Rb6 a4 42. Ke3 Rd5 43. Ra6 Rb5 44. Ra7 Ke8 45. Ra8+ Kf7 46. Ra7 Ke8 47. Ra8+ Kf7 48. Rd8 Rb7 49. b3 axb3 50. axb3 Rxb3+ 51. Kf4 Rb7 52. g5 Rb4+ 53. Kg3 Bxf5 54. gxf6 Kxf6 55. Kf3 Be6 56. Ke3 Ke5 57. Kd3 Rb3+ 58. Kc2 Rb7 59. Kc3 Bd7 60. Kc4 Kxd6 61. Kd4 Rb4+ 62. Kc3 Rg4 63. Kd3 Kc7 64. Rh8 Be6 65. Ke3 Kd6 66. Kf3 Rb4 67. Re8 Ke5 68. Ke3 Rb3+ 69. Ke2 Kf6 70. Kd2 Bf5 71. Rf8+ Kg5 72. Re8 Kf4 73. Re7 Rd3+ 74. Ke2 Rd4 75. Re8 Bg4+ 76. Ke1 Rd1+ 77. Kf2 Rd2+ 78. Ke1 Rb2 79. Re7 Bf5 80. Kd1 Be4 81. Kc1 Rc2+ 82. Kd1 Ra2 83. Kc1 Ke3 84. Re8 Kd4 85. Rd8+ Bd5 86. Kd1 Kc4 87. Ke1 Be4 88. Rd7 Bd5 89. Rd8 Kd4 90. Rd7 Ke4 91. Kd1 Rf2 92. Rd8 Rf5 93. Kd2 Rf2+ 94. Kc3 Rf3+ 95. Kc2 Kd4 96. Rc8 Rf2+ 97. Kc1 Bb3 98. Kb1 Be6 99. Rc6 Bd5 100. Rc8 Bc4 101. Rh8 Kc3 102. Rh3+ Bd3+ 103. Ka1 Rd2 104. Rg3 Re2 105. Rh3 Rd2 106. Rg3 Kb3 107. Rg1 Ra2# 0-1


[Site "https://www.chess.com"]

[Event "Titled Tuesday Blitz May 24 Early 2022"]
[White "Tanenbaum, Zachary"]
[Black "Reprintsev, Alexander"]
[WhiteFideId "2060850"]
[BlackFideId "14100541"]
[WhiteElo "2168"]
[BlackElo "2108"]
[Result "1/2-1/2"]
[Round "07"]
[TimeControl "180+1"]
[Date "2022.05.25"]
[WhiteClock "0:00:07"]
[BlackClock "0:00:38"]

1. e4 d5 2. exd5 Qxd5 3. Nc3 Qa5 4. d4 Nf6 5. Nf3 Nc6 6. Bb5 Ne4 7. Bxc6+ bxc6 8. Qd3 Nxc3 9. bxc3 Bf5 10. Qc4 Qb5 11. Qb3 e6 12. c4 Qxb3 13. cxb3 a5 14. Bf4 Bd6 15. Be5 f6 16. Bg3 a4 17. Ke2 axb3 18. axb3 Kd7 19. Nd2 c5 20. dxc5 Bxc5 21. Rhd1 Kc6 22. f3 Bb4 23. Ne4 Bxe4 24. fxe4 Bc3 25. Rxa8 Rxa8 26. Kd3 Bb4 27. Rc1 Rd8+ 28. Ke2 Rd2+ 29. Kf1 Rb2 30. Ra1 Rxb3 31. Ra8 Re3 32. Rg8 Rxe4 33. Rxg7 Bd6 34. Bxd6 cxd6 35. Rxh7 Rxc4 36. h4 f5 37. g3 Kd5 38. h5 Ke4 39. Kg2 f4 40. gxf4 Kxf4 41. h6 Rc2+ 42. Kh3 Rc3+ 43. Kg2 Rg3+ 44. Kh2 Rg6 45. Rh8 Ke4 46. Kh3 d5 47. Kh4 d4 48. Kh5 Rg1 49. Re8 e5 50. h7 Rh1+ 51. Kg6 d3 52. h8=Q Rxh8 53. Rxh8 Kf3 54. Rh3+ Ke2 55. Kf5 d2 56. Rh2+ Ke1 57. Rh1+ Ke2 58. Rh2+ Ke1 59. Rxd2 Kxd2 60. Kxe5 1/2-1/2


[Site "https://www.chess.com"]

[Event "Titled Tuesday Blitz May 24 Early 2022"]
[White "Tarigan, Gilbert Elroy"]
[Black "Vakhlamov, Igor L."]
[WhiteFideId "7108133"]
[BlackFideId "24126748"]
[WhiteElo "1908"]
[BlackElo "2401"]
[Result "1-0"]
[Round "07"]
[TimeControl "180+1"]
[Date "2022.05.24"]
[WhiteClock "0:00:09"]
[BlackClock "0:00:10"]

1. Nf3 Nf6 2. d4 d5 3. Bf4 Bf5 4. e3 e6 5. Bd3 Bxd3 6. Qxd3 Bd6 7. Bg5 O-O 8. Nbd2 Nbd7 9. O-O h6 10. Bh4 c5 11. c3 Qc7 12. Bxf6 Nxf6 13. g3 Rfd8 14. a4 a6 15. Rfe1 e5 16. dxe5 Bxe5 17. Kg2 Rac8 18. a5 Qe7 19. Qc2 g6 20. h4 h5 21. e4 d4 22. Nc4 Bc7 23. e5 d3 24. Qd2 Ne8 25. Re3 Qe6 26. b3 Qf5 27. Rd1 Ng7 28. Rxd3 Ne6 29. Nd6 Bxd6 30. exd6 c4 31. Rd5 Qg4 32. b4 Qe4 33. Qe3 Qc2 34. R1d2 Qb1 35. Rd1 Qc2 36. R1d2 Qb1 37. Ng5 Nxg5 38. hxg5 Rd7 39. Qf3 Rcd8 40. Qf6 Qe4+ 41. Qf3 Qe6 42. Qf4 Kg7 43. Qxc4 Kg8 44. Qd4 h4 45. Qxh4 Re8 46. Qd4 Qe1 47. c4 Re4 48. Qd3 Re6 49. Rd1 Qxb4 50. c5 Qa4 51. Qd4 Qc6 52. Rh1 f6 53. gxf6 Rf7 54. Rd1 Re8 55. d7 Rxd7 56. Kg1 Rxd5 57. Qxd5+ Qxd5 58. Rxd5 Re6 59. Rd7 Rxf6 60. Rxb7 Rc6 61. Rb6 Rxc5 62. Rxg6+ Kf7 63. Rxa6 Rc4 64. Kg2 Rc3 65. Ra7+ Kg6 66. Ra8 Ra3 67. a6 Ra4 68. Kf3 Ra3+ 69. Ke4 Ra2 70. a7 Ra4+ 71. Kd5 Rxa7 72. Rxa7 1-0


[Site "https://www.chess.com"]

[Event "Titled Tuesday Blitz May 24 Early 2022"]
[White "Timofeev, Artyom"]
[Black "Gurevich, Dmitry"]
[WhiteFideId "4140419"]
[BlackFideId "2000407"]
[WhiteElo "2812"]
[BlackElo "2590"]
[Result "1/2-1/2"]
[Round "07"]
[TimeControl "180+1"]
[Date "2022.05.25"]
[WhiteClock "0:00:10"]
[BlackClock "0:00:05"]

1. e4 c5 2. Nf3 d6 3. Bc4 Nf6 4. d3 g6 5. e5 dxe5 6. Nxe5 e6 7. Qf3 Bg7 8. Bb5+ Kf8 9. Nc3 a6 10. Bc4 Nbd7 11. Bf4 Ra7 12. a4 Nxe5 13. Bxe5 b6 14. O-O Rd7 15. Qe2 Nd5 16. Bxd5 exd5 17. Rae1 Bb7 18. Bg3 Bf6 19. Be5 Kg7 20. f4 Bxe5 21. fxe5 Re8 22. Qf2 Re6 23. d4 cxd4 24. Qxd4 Qe7 25. Rf6 Qc5 26. Ne2 Rxe5 27. Rff1 Re7 28. Qxc5 bxc5 29. Kf2 Rf5+ 30. Kg1 Rxf1+ 31. Kxf1 d4 32. Kf2 a5 33. g3 Bc6 34. b3 f5 35. Nf4 Rxe1 36. Kxe1 Kf6 37. Nd3 c4 38. Nc5 cxb3 39. cxb3 Ke5 40. Kd2 Kd5 41. Nd3 g5 42. h4 h6 43. hxg5 hxg5 44. Nf2 Ke5 45. Nd3+ Ke4 46. Nc5+ Kf3 47. Ne6 Kxg3 48. Nxg5 f4 49. Ne6 f3 50. Nxd4 f2 51. Nf5+ Kg2 52. Ne3+ Kg1 53. Kc3 f1=Q 54. Nxf1 Kxf1 55. b4 Bxa4 56. bxa5 Bb5 57. Kb4 Be2 58. Kc5 Kf2 59. Kb6 Kf1 60. a6 Kf2 61. a7 Bf3 62. Kc7 Ba8 63. Kb8 Bf3 64. Kc7 Bg2 65. Kb8 Bh1 66. a8=Q Bxa8 1/2-1/2


[Site "https://www.chess.com"]

[Event "Titled Tuesday Blitz May 24 Early 2022"]
[White "Tologon tegin, Semetei"]
[Black "Shipov, Sergei"]
[WhiteFideId "13800574"]
[BlackFideId "4113624"]
[WhiteElo "2258"]
[BlackElo "2797"]
[Result "0-1"]
[Round "07"]
[TimeControl "180+1"]
[Date "2022.05.24"]
[WhiteClock "0:00:08"]
[BlackClock "0:01:07"]

1. e4 e6 2. d4 d5 3. e5 Bd7 4. Nf3 a6 5. a4 c5 6. c3 Nc6 7. Be3 Qb6 8. dxc5 Qxb2 9. Nbd2 Qxc3 10. Be2 Nh6 11. O-O Nf5 12. Bg5 h6 13. Rc1 Qa3 14. Bf4 Bxc5 15. Rb1 Rb8 16. Nb3 Ba7 17. Bd3 Qxa4 18. Bxf5 Qxf4 19. Bc2 Nxe5 20. Nxe5 Qxe5 21. Na5 Qc7 22. Qd2 O-O 23. Rfc1 Bc6 24. Nxc6 bxc6 25. Qd3 g6 26. Qxa6 Bd4 27. Qd3 c5 28. Qh3 Qf4 29. Rf1 Rxb1 30. Bxb1 Rb8 31. Bc2 Kg7 32. g3 Qf6 33. Qg4 Rb2 34. Qd1 c4 35. Kg2 Bc5 36. Qc1 Qc3 37. Bb1 Qxc1 38. Rxc1 Rxf2+ 39. Kh3 Rb2 40. Re1 h5 41. Rf1 f5 42. Re1 Kf6 43. Rd1 g5 0-1


[Site "https://www.chess.com"]

[Event "Titled Tuesday Blitz May 24 Early 2022"]
[White "Toncheva, Nadya"]
[Black "Martinez, Shawn"]
[WhiteFideId "2924056"]
[BlackFideId "2039770"]
[WhiteElo "1888"]
[BlackElo "2174"]
[Result "1-0"]
[Round "07"]
[TimeControl "180+1"]
[Date "2022.05.25"]
[WhiteClock "0:00:17"]
[BlackClock "0:00:18"]

1. d4 Nf6 2. c4 g6 3. Nc3 Bg7 4. e4 d6 5. Be2 O-O 6. Bg5 Nbd7 7. Qd2 c5 8. d5 a6 9. h4 Re8 10. h5 Rb8 11. hxg6 fxg6 12. Nf3 Ne5 13. Nxe5 dxe5 14. Qe3 Qd6 15. Qg3 Bd7 16. f4 exf4 17. Bxf4 e5 18. dxe6 Qxe6 19. Bxb8 Nxe4 20. Qh4 Nxc3 21. Qxh7+ Kf8 22. O-O+ Bf6 23. bxc3 Qe3+ 24. Kh1 Bf5 25. Bf4 Qxe2 26. Bh6+ Bg7 27. Qxg7# 1-0


[Site "https://www.chess.com"]

[Event "Titled Tuesday Blitz May 24 Early 2022"]
[White "Tregubov, Pavel V."]
[Black "Maksimovic, Bojan"]
[WhiteFideId "4115341"]
[BlackFideId "14408120"]
[WhiteElo "2341"]
[BlackElo "2448"]
[Result "0-1"]
[Round "07"]
[TimeControl "180+1"]
[Date "2022.05.24"]
[WhiteClock "0:00:04"]
[BlackClock "0:00:02"]

1. e4 c5 2. Nf3 Nc6 3. c3 d5 4. exd5 Qxd5 5. d4 Bg4 6. Be2 e6 7. c4 Qd7 8. d5 exd5 9. cxd5 Bxf3 10. Bxf3 Nd4 11. O-O Nf6 12. Nc3 Be7 13. Be3 O-O 14. Bxd4 cxd4 15. Qxd4 a6 16. Rfe1 Bd6 17. g3 Rfe8 18. Kg2 Rac8 19. Rad1 h6 20. h3 Qc7 21. Re2 Rxe2 22. Bxe2 Be5 23. d6 Bxd4 24. dxc7 Bb6 25. Na4 Bxc7 26. Rc1 Ne8 27. Bf3 b5 28. Nb6 Rd8 29. Nd5 Be5 30. b3 Nf6 31. Ne7+ Kf8 32. Nc6 Rc8 33. Rd1 Bc7 34. Nb4 a5 35. Nc6 Bb6 36. a4 bxa4 37. bxa4 Bc7 38. Rb1 Nd7 39. Rb5 Nb6 40. Rxa5 Nc4 41. Ra7 Ne5 42. Nxe5 Bxe5 43. Bd5 Rc2 44. Rxf7+ Ke8 45. Rf3 Bd4 46. h4 Ke7 47. a5 Rc5 48. Rf7+ Kd6 49. Bf3 Rxa5 50. Bg4 Ra2 51. Rf3 Ke5 52. h5 Rb2 0-1


[Site "https://www.chess.com"]

[Event "Titled Tuesday Blitz May 24 Early 2022"]
[White "Tristan, Leonardo"]
[Black "Pakleza, Zbigniew"]
[WhiteFideId "113816"]
[BlackFideId "1119290"]
[WhiteElo "2404"]
[BlackElo "2467"]
[Result "1-0"]
[Round "07"]
[TimeControl "180+1"]
[Date "2022.05.24"]
[WhiteClock "0:00:09"]
[BlackClock "0:00:03"]

1. d4 d5 2. Nf3 Nf6 3. Bf4 c5 4. e3 Nc6 5. Nbd2 e6 6. c3 Bd6 7. Bg3 O-O 8. Bb5 Bxg3 9. hxg3 Qb6 10. a4 a6 11. Bxc6 Qxc6 12. Ne5 Qc7 13. Qc2 g6 14. g4 Nd7 15. Ndf3 Nxe5 16. dxe5 Kg7 17. g5 Bd7 18. Rh4 Rh8 19. a5 b5 20. axb6 Qxb6 21. Nh2 h5 22. gxh6+ Rxh6 23. Rxh6 Kxh6 24. Ng4+ Kg7 25. Qe2 Qd8 26. Rxa6 Rb8 27. Ra7 Be8 28. Qf3 Qh4 29. g3 Qh5 30. Qf6+ Kg8 31. Qf4 Kg7 32. b4 cxb4 33. cxb4 Rc8 34. Kd2 Rc4 35. Qf6+ Kf8 36. Qe7+ Kg7 37. Qxe8 Qf5 38. Qg8+ Kxg8 39. Nh6+ Kg7 40. Nxf5+ gxf5 41. Rb7 Kg6 42. f4 f6 43. exf6 Kxf6 44. b5 d4 45. Rb8 dxe3+ 46. Kxe3 Rc3+ 47. Kf2 Rb3 48. b6 Kg7 49. Kg2 Kf7 50. Kh3 Kg7 51. Kh4 Kg6 52. g4 fxg4 53. Kxg4 Kg7 54. Kg5 Rb5+ 55. Kg4 Kg6 56. Kf3 Rb4 57. Ke3 Kg7 58. b7 Kh7 59. Kd3 Kg7 60. Kc3 Rb1 61. Kd4 Kh7 62. Ke5 Rb6 63. Kf6 Rb4 64. Kxe6 Rxf4 65. Rh8+ Kxh8 66. b8=Q+ Rf8 67. Qxf8+ 1-0


[Site "https://www.chess.com"]